 Dungeon Crawl Stone Soup version 0.20.1-1-g8b1a95d (webtiles) character file.

139423 raph the Fencer (level 16, -2/146 HPs)
             Began as a Minotaur Gladiator on Sept 24, 2017.
             Was an Elder of Qazlal.
             Drowned by a water nymph (9 damage)
             ... on level 4 of the Shoals.
             The game lasted 01:47:07 (31646 turns).

raph the Fencer (Minotaur Gladiator)               Turns: 31646, Time: 01:47:09

Health: -2/146     AC: 33    Str: 29    XL:     16   Next: 73%
Magic:  14/14      EV: 17    Int:  5    God:    Qazlal [****..]
Gold:   1213       SH:  0    Dex: 20    Spells: 15/15 levels left

rFire    . . .     SeeInvis +   I - +5 scimitar (flame)
rCold    + + .     Gourm    +   X - +0 shield {reflect}
rNeg     + + .     Faith    .   n - +5 plate armour of Beauty {rC++ Dex+6}
rPois    +         Spirit   .   A - +1 hat "Pekhlurr" {rN++ MP-9 SInv Stlth+}
rElec    .         Reflect  +   N - +0 cloak
rCorr    .         Harm     .   o - +0 pair of gloves
MR       +....                  M - +2 pair of boots {run}
Stlth    ..........             W - amulet of the gourmand
Regen    0.4/turn               m - ring of poison resistance
MPRegen  0.2/turn               Y - +5 ring of protection

@: confused, mighty, mesmerised, repel missiles, quick
A: retaliatory headbutt, horns 2
a: Upheaval, Elemental Force, Renounce Religion


You were on level 4 of the Shoals.
You worshipped Qazlal.
Qazlal was greatly pleased with you.
You were very full.

You visited 5 branches of the dungeon, and saw 28 of its levels.
You also visited: Volcano.

You collected 2510 gold pieces.
You spent 1297 gold pieces at shops.

Inventory:

Hand Weapons
 a - a +9 scimitar
 b - the +7 fustibalus "Z" {velocity, rC+ Str+4}
   (You bought it in a shop on level 2 of the Orcish Mines)

   Any stone fired from it inflicts extra damage.
   It affects your strength (+4).
   It protects you from cold.
 I - a +5 scimitar of flaming (weapon)
Missiles
 d - 9 throwing nets
 l - 552 stones (quivered)
Armour
 n - the +5 plate armour of Beauty (worn) {rC++ Dex+6}
   (You found it on level 6 of the Dungeon)

   It affects your dexterity (+6).
   It greatly protects you from cold.
 o - a +0 pair of gloves (worn)
 A - the +1 hat "Pekhlurr" (worn) {rN++ MP-9 SInv Stlth+}
   (You acquired it on level 13 of the Dungeon)

   It greatly protects you from negative energy.
   It affects your magic capacity (-9).
   It lets you see invisible.
   It makes you more stealthy.
 M - a +2 pair of boots of running (worn)
 N - a +0 cloak (worn)
 X - a +0 shield of reflection (worn)
Jewellery
 m - a ring of poison resistance (left hand)
 D - a +5 ring of dexterity
 W - an amulet of the gourmand (around neck)
 Y - a +5 ring of protection (right hand)
Wands
 e - a wand of iceblast (0/15)
 C - a wand of digging (13/24)
 L - a wand of lightning (0/15)
 T - a wand of scattershot (2/9)
Scrolls
 j - 7 scrolls of remove curse
 s - a scroll of magic mapping
 w - 3 scrolls of identify
 x - 5 scrolls of teleportation
 y - 2 scrolls of blinking
 B - 5 scrolls of recharging
 Q - 3 scrolls of fog
Potions
 g - a potion of might
 k - 2 potions of agility
 p - a potion of magic
 q - 4 potions of haste
 t - 12 potions of curing
 u - 5 potions of resistance
 J - a potion of invisibility
 O - 5 potions of flight
 P - 3 potions of cancellation
 R - 4 potions of brilliance
 S - 2 potions of ambrosia
 U - a potion of berserk rage
Books
 c - a book of the Tempests

   Spells                             Type                      Level
   a - Static Discharge               Conjuration/Air              3
   b - Lightning Bolt                 Conjuration/Air              5
   c - Ignition                       Fire                         8
   d - Tornado                        Air                          9
   e - Shatter                        Earth                        9
 h - a book of Transfigurations

   Spells                             Type                      Level
   a - Irradiate                      Conjuration/Transmutation    5
   b - Statue Form                    Transmutation/Earth          6
   c - Hydra Form                     Transmutation                6
   d - Dragon Form                    Transmutation                7
 H - a book of Dreams

   Spells                             Type                      Level
   a - Ensorcelled Hibernation        Hexes/Ice                    2
   b - Silence                        Hexes/Air                    5
   c - Darkness                       Hexes                        6
   d - Shadow Creatures               Summoning                    6
 K - a Young Poisoner's Handbook

   Spells                             Type                      Level
   a - Sting                          Conjuration/Poison           1
   b - Poisonous Vapours              Poison/Air                   2
   c - Mephitic Cloud                 Conjuration/Poison/Air       3
   d - Olgreb's Toxic Radiance        Poison                       4
   e - Venom Bolt                     Conjuration/Poison           5
 V - a book of Frost

   Spells                             Type                      Level
   a - Freeze                         Ice                          1
   b - Throw Frost                    Conjuration/Ice              2
   c - Ozocubu's Armour               Charms/Ice                   3
   d - Throw Icicle                   Conjuration/Ice              4
   e - Summon Ice Beast               Ice/Summoning                4
Comestibles
 f - 15 bread rations
 v - 11 fruits
 G - 9 royal jellies
 Z - a meat ration


   Skills:
 - Level 14.0 Fighting
 - Level 17.4 Long Blades
 + Level 8.8(9.0) Slings
 - Level 2.4(5.6) Throwing
 - Level 13.1 Armour
 - Level 12.8 Dodging
 * Level 14.2 Shields
 - Level 11.1 Invocations


You had 15 spell levels left.
You didn't know any spells.

Dungeon Overview and Level Annotations

Branches:
Dungeon (15/15)            Temple (1/1) D:7            Lair (6/6) D:8
 Shoals (4/4) Lair:4        Snake (0/4) Lair:2        Slime (0/5) Lair:6
    Orc (2/2) D:12            Elf (0/3) Orc:2        Vaults (0/5) D:14
 Depths (0/5) D:15

Altars:
Ashenzari
Cheibriados
Dithmenos
Elyvilon
Fedhas
Gozag
Hepliaklqana
Kikubaaqudgha
Makhleb
Nemelex Xobeh
Okawaru
Qazlal
Ru
Sif Muna
Trog
Uskayaw
Vehumet
Xom
Yredelemnul
Zin
The Shining One
Beogh

Shops:
D:7 [   D:8 :[   D:9 }   Orc:2 *([%

Annotations:
D:5 exclusion: statue
D:8 2 runed doors, exclusion: orange crystal statue
Lair:6 exclusion: 4 oklob plants
Shoals:4 Ilsuiw


Innate Abilities, Weirdness & Mutations

You reflexively headbutt those who attack you in melee.
You have a pair of horns on your head.


Message History

You destroy the water elemental!
The merfolk siren chants its luring song.
The water elemental hits you.
The water elemental engulfs you in water!
Your unstable footing causes you to fumble your attack.
* * * LOW HITPOINT WARNING * * *
Your lungs strain for air!
The water elemental disappears in a puff of smoke! x2
You block the water elemental's attack. The water nymph touches you.
The water nymph drowns you!
* * * LOW HITPOINT WARNING * * *
Ilsuiw mumbles some strange words.
A water elemental comes into view.
You are confused.
You feel invigorated.
You gasp with relief as air once again reaches your lungs.
The water elemental disappears in a puff of smoke! x3
The merfolk siren hits you but does no damage.
The water nymph touches you. The water nymph drowns you!
You die...

≈≈≈≈≈≈≈≈≈≈≈≈≈≈≈≈≈≈≈≈≈≈≈≈≈*≈≈≈≈≈≈,
≈≈≈≈≈≈≈≈≈≈≈≈≈≈≈≈t≈≈≈≈≈≈≈≈#*≈≈≈≈≈*
≈≈≈≈≈≈≈≈≈≈≈≈≈≈≈≈≈≈≈≈≈≈≈≈≈≈##≈≈≈≈≈
≈≈≈≈≈≈≈≈≈≈≈≈..≈≈EE≈≈≈≈≈≈≈≈≈######
≈≈######≈≈≈..(§≈≈(≈≈≈≈≈≈≈m≈≈≈≈≈≈≈
≈**≈....#m...()m§≈≈≈≈≈≈≈≈≈≈≈≈≈P≈≈
**≈....#.#......E§m≈≈≈≈≈m≈..≈≈≈≈P
*≈,.#≈..#.#.).E§)§≈≈≈≈≈≈≈....P≈≈≈
*≈,≈≈#≈...#.†?)§@m≈≈.≈≈≈≈mm..≈≈≈≈
*≈,≈≈##≈.)#....§§.§m.≈≈≈mmEm.≈Pt≈
*≈,,≈≈≈#..#....§§§###≈≈≈(###P≈PP≈
*≈*,,≈≈..≈#.(.....###...(###.≈P.P
**≈*,,,,≈*#.......##.....P...≈(PP
≈**≈≈≈≈≈*#.(≈≈(....PP.≈..P.≈P≈P≈≈
≈≈*******#..≈(≈≈..≈.≈≈≈≈≈≈≈≈PPP≈≈
≈≈≈≈≈≈≈,,#...≈≈≈≈≈≈≈m≈≈≈≈≈≈≈≈PPP≈
≈≈≈≈≈≈≈≈≈(≈≈(((≈≈≈≈≈(≈..≈≈≈≈≈≈≈≈≈


You could see Ilsuiw (invisible), a merfolk javelineer, a snapping turtle
(fleeing), a merfolk (fleeing), 4 water elementals, a merfolk siren and a water
nymph.

Vanquished Creatures
  Nikola (Shoals:1)
  A shadow dragon (D:14)
  Donald (Orc:2)
  A fire giant (D:15)
  An orc warlord (Orc:2)
  A stone giant (Orc:1)
  5 dire elephants
  A red draconian (Volcano)
  A merfolk javelineer (Shoals:4)
  An ettin (D:14)
  Josephine (Lair:4)
  2 fire dragons
  A yaktaur captain (D:14)
  3 merfolk impalers
  5 hydras
  Harold (Lair:3)
  2 alligator snapping turtles
  5 merfolk aquamancers
  An anaconda (Lair:6)
  An ogre mage (D:15)
  4 merfolk avatars
  A death yak (D:12)
  2 death knights
  10 two-headed ogres
  The ghost of Asgaroth the Unseen, a journeyman KoBe of Trog (D:11)
  4 tengu warriors
  An orc high priest (Orc:2)
  A deep elf knight (D:14)
  A salamander mystic (Volcano)
  The ghost of Scuka the Basher, a novice MiFi of Okawaru (D:8)
  A skeletal warrior (D:14)
  12 sea snakes
  A wizard (D:13)
  A necromancer (D:13)
  5 orc knights
  14 ugly things
  Pikel (D:6)
  An oklob plant (Lair:6)
  9 manticores
  8 fauns
  2 cyclopes
  4 orc sorcerers (Orc:2)
  4 salamanders (Volcano)
  8 black mambas
  10 elephants
  2 molten gargoyles (Volcano)
  Psyche (D:9)
  8 merfolk sirens
  6 water nymphs
  2 centaur zombies
  A torpor snail (Lair:5)
  8 centaur skeletons
  A gargoyle (D:13)
  An efreet (D:15)
  4 spiny frogs
  12 komodo dragons
  2 freezing wraiths (D:14)
  A rime drake (shapeshifter) (D:15)
  2 yaktaurs (D:14)
  21 merfolk
  Grinder (D:4)
  7 trolls
  4 slime creatures (D:14)
  4 wind drakes
  3 polar bears (D:12)
  A meliai zombie (D:15)
  3 blink frogs (Lair:2)
  12 hippogriffs
  6 dream sheep
  6 snapping turtles
  A centaur simulacrum (D:12)
  A shadow (D:14)
  7 wyverns
  2 vampires
  5 wraiths (Lair:4)
  6 fire bats
  10 water elementals
  49 yaks
  7 basilisks
  3 hungry ghosts
  4 vampire mosquitoes (D:14)
  2 wargs
  Menkaure (D:4)
  A steam dragon (D:8)
  8 nagas (Lair:2)
  An acid dragon (D:12)
  12 water moccasins
  43 orc warriors
  7 porcupines
  2 black bears
  5 sky beasts
  16 ogres
  5 ice beasts
  4 phantoms
  2 eyes of draining
  2 necrophages
  9 centaurs
  17 crocodiles
  2 big kobolds
  16 bullfrogs
  A wyvern zombie (D:9)
  2 scorpions
  7 killer bees
  17 wights
  2 vampire bats (Lair:4)
  4 crimson imps
  3 electric eels
  A howler monkey (D:10)
  A bullfrog zombie (D:12)
  5 lava snakes (Volcano)
  2 quasits
  8 hounds
  4 jellies
  A bullfrog skeleton (D:9)
  28 orc priests
  An iguana (D:14)
  32 orc wizards
  6 worker ants
  4 polar bear simulacra (D:13)
  2 killer bee zombies (D:8)
  2 wolf simulacra (D:13)
  A hound skeleton (D:8)
  Robin (D:3)
  4 gnolls (D:4)
  14 adders
  3 shadow imps
  5 white imps (D:12)
  An ufetubus (D:12)
  4 oozes
  2 worms
  7 dart slugs
  4 leopard geckos
  148 orcs
  16 bats
  A giant cockroach (D:1)
  7 hobgoblins
  17 jackals
  5 quokkas
  4 frilled lizards
  19 goblins
  A jackal skeleton (D:6)
  14 kobolds
  A leopard gecko zombie (D:5)
  6 rats
  5 river rat simulacra (D:13)
  5 plants
940 creatures vanquished.

Vanquished Creatures (collateral kills)
  A merfolk (Shoals:4)
  A troll (Orc:2)
  An orc priest (Orc:2)
  An orc wizard (Orc:2)
  2 orcs (Orc:2)
6 creatures vanquished.

Vanquished Creatures (others)
  A manticore (Shoals:3)
  A cyclops (Orc:1)
  A tengu conjurer (D:13)
  A wind drake (Shoals:1)
  A water elemental (Shoals:3)
  2 centaurs (Shoals:1)
  An orc priest (Orc:2)
  2 orc wizards
  7 fungi
  14 plants
31 creatures vanquished.

Grand Total: 977 creatures vanquished

Notes
Turn   | Place    | Note
-------+----------+-------------------------------------------
     0 | D:1      | raph the Minotaur Gladiator began the quest for the Orb.
     0 | D:1      | Reached XP level 1. HP: 18/18 MP: 0/0
    58 | D:1      | Reached skill level 4 in Long Blades
    64 | D:1      | Reached XP level 2. HP: 4/25 MP: 1/1
   395 | D:1      | Reached skill level 5 in Long Blades
   642 | D:1      | Reached XP level 3. HP: 30/30 MP: 2/2
  1106 | D:2      | Found a burning altar of Makhleb.
  1145 | D:2      | Reached skill level 6 in Long Blades
  1145 | D:2      | Reached XP level 4. HP: 31/37 MP: 3/3
  1948 | D:3      | Reached XP level 5. HP: 42/42 MP: 4/4
  2006 | D:3      | Noticed Robin
  2012 | D:3      | Reached skill level 7 in Long Blades
  2031 | D:3      | Killed Robin
  2054 | D:3      | Found a shadowy altar of Dithmenos.
  2415 | D:4      | Noticed Grinder
  2433 | D:4      | Killed Grinder
  2433 | D:4      | Reached skill level 9 in Long Blades
  2433 | D:4      | Reached XP level 6. HP: 48/50 MP: 5/5
  2598 | D:4      | Noticed a moth of wrath
  2601 | D:4      | Found a bloodstained altar of Trog.
  2679 | D:4      | Reached XP level 7. HP: 28/56 MP: 6/6
  2961 | D:4      | Noticed Menkaure
  2965 | D:4      | Killed Menkaure
  2965 | D:4      | Reached skill level 10 in Long Blades
  3234 | D:5      | Entered Level 5 of the Dungeon
  3253 | D:5      | Found a radiant altar of Vehumet.
  3259 | D:5      | Reached skill level 1 in Armour
  3516 | D:5      | Reached skill level 1 in Shields
  3668 | D:5      | Found Wejea's Antique Weapon Shoppe.
  3721 | D:5      | Reached XP level 8. HP: 50/63 MP: 7/7
  4410 | D:6      | Got a spiked plate armour
  4421 | D:6      | Identified the +5 plate armour of Beauty {rC++ Dex+6} (You found it on level 6 of the Dungeon)
  4615 | D:6      | Found an iron altar of Okawaru.
  4685 | D:6      | Noticed Pikel
  4694 | D:6      | Killed Pikel
  4694 | D:6      | Reached skill level 11 in Long Blades
  4893 | D:7      | Found Ystetola's Antique Armour Boutique.
  4901 | D:7      | Found a staircase to the Ecumenical Temple.
  4907 | D:7      | Got a bloodstained dagger
  4911 | Temple   | Entered the Ecumenical Temple
  5112 | Temple   | Became a worshipper of Qazlal Stormbringer
  5406 | D:7      | Identified the +4 dagger "Worm's Wrath" {vamp, rN+ Str+4 Int+6 Dex-3} (You found it on level 7 of the Dungeon)
  5429 | D:7      | Found a shattered altar of Ashenzari.
  5506 | D:7      | Reached skill level 5 in Dodging
  5572 | D:7      | Reached XP level 9. HP: 73/73 MP: 8/8
  5705 | D:7      | Reached skill level 5 in Fighting
  5840 | D:7      | Found a glowing golden altar of the Shining One.
  6207 | D:8      | Found Gatokk's Book Emporium.
  6256 | D:8      | Found a runed door.
  6265 | D:8      | Noticed an orange crystal statue
  6280 | D:8      | Reached * piety under Qazlal
  6310 | D:8      | Found a runed door.
  6312 | D:8      | Reached skill level 1 in Invocations
  6349 | D:8      | Noticed Scuka's ghost (novice MiFi)
  6355 | D:8      | Got an ichor-stained chain mail
  6479 | D:8      | Reached skill level 12 in Long Blades
  6594 | D:8      | Found Kupiem's Antique Armour Boutique.
  6601 | D:8      | Bought a pair of glowing boots for 172 gold pieces
  6606 | D:8      | Identified a +0 pair of boots of running (You bought it in a shop on level 8 of the Dungeon)
  6616 | D:8      | Identified the cursed +0 chain mail "Kist" {rPois rCorr Int-2 Dex+4} (You found it on level 8 of the Dungeon)
  6654 | D:8      | Noticed a two-headed ogre
  6655 | D:8      | Found Cetzif's Food Boutique.
  6875 | D:8      | Reached skill level 5 in Shields
  6908 | D:8      | Reached skill level 5 in Armour
  7365 | D:8      | Found a staircase to the Lair.
  7425 | D:8      | Reached XP level 10. HP: 79/83 MP: 10/10
  7430 | D:8      | Killed a two-headed ogre
  7584 | D:8      | Killed Scuka's ghost
  7584 | D:8      | Reached skill level 13 in Long Blades
  7687 | D:9      | Noticed a two-headed ogre
  7695 | D:9      | Killed a two-headed ogre
  7721 | D:9      | Reached ** piety under Qazlal
  8021 | D:9      | Noticed a purple ugly thing
  8031 | D:9      | Killed a purple ugly thing
  8141 | D:9      | Reached XP level 11. HP: 87/92 MP: 13/13
  8325 | D:9      | Reached *** piety under Qazlal
  8344 | D:9      | Noticed Psyche
  8349 | D:9      | Found Cauxziy's Quality Used Wands.
  8351 | D:9      | Killed Psyche
  8738 | Lair:1   | Entered Level 1 of the Lair of Beasts
  8743 | Lair:1   | Reached skill level 14 in Long Blades
  8782 | Lair:1   | Reached skill level 5 in Invocations
  9133 | Lair:1   | Noticed a seven-headed hydra
  9135 | Lair:1   | Killed a seven-headed hydra
  9801 | Lair:2   | Reached XP level 12. HP: 79/105 MP: 6/15
  9812 | Lair:2   | Found a staircase to the Snake Pit.
 10597 | Lair:3   | Noticed a six-headed hydra
 10916 | Lair:3   | Noticed a four-headed hydra
 10937 | Lair:3   | Killed a four-headed hydra
 10969 | Lair:3   | Killed a six-headed hydra
 10969 | Lair:3   | Reached skill level 10 in Fighting
 11384 | Lair:4   | Noticed Harold
 11693 | Lair:3   | Killed Harold
 11770 | Lair:3   | Reached skill level 15 in Long Blades
 11990 | Lair:4   | Noticed Josephine
 12001 | Lair:4   | Killed Josephine
 12151 | Lair:4   | Reached skill level 10 in Armour
 12176 | Lair:4   | Reached **** piety under Qazlal
 12490 | Lair:4   | Found a staircase to the Shoals.
 12532 | Lair:4   | Reached skill level 10 in Dodging
 13211 | Lair:5   | Reached XP level 13. HP: 111/116 MP: 17/17
 13355 | Lair:5   | Found a dark tunnel.
 13366 | Volcano  | Entered a volcano
 13481 | Volcano  | Noticed a red draconian
 13535 | Volcano  | Found a burning altar of Makhleb.
 13564 | Volcano  | Killed a red draconian
 14087 | Lair:5   | Reached ***** piety under Qazlal
 14460 | Lair:5   | Got a polished ring mail
 14471 | Lair:5   | Identified the +5 ring mail "Esuut" {rF+ rN+} (You found it on level 5 of the Lair of Beasts)
 14501 | Lair:6   | Entered Level 6 of the Lair of Beasts
 14880 | Lair:6   | Found a staircase to the Slime Pits.
 15848 | Lair:6   | Reached skill level 16 in Long Blades
 16066 | Lair:6   | Noticed a dire elephant
 16099 | Lair:6   | Noticed a dire elephant
 16712 | D:8      | Bought a pair of runed gloves for 172 gold pieces
 16740 | D:10     | Entered Level 10 of the Dungeon
 17348 | D:10     | Found a sacrificial altar of Ru.
 17414 | D:11     | Noticed Asgaroth's ghost (journeyman KoBe)
 17429 | D:11     | Killed Asgaroth's ghost
 17512 | D:11     | Reached XP level 14. HP: 83/127 MP: 20/20
 17743 | D:12     | Found a roughly hewn altar of Beogh.
 17743 | D:12     | Found a staircase to the Orcish Mines.
 18155 | D:12     | Reached ****** piety under Qazlal
 19401 | Orc:1    | Entered Level 1 of the Orcish Mines
 19553 | Orc:2    | Entered Level 2 of the Orcish Mines
 19562 | Orc:2    | Reached skill level 10 in Invocations
 19809 | Orc:2    | Noticed Donald
 19825 | Orc:2    | Killed Donald
 20281 | Orc:2    | Found a frozen archway.
 20424 | Orc:2    | Found a roughly hewn altar of Beogh.
 20427 | Orc:2    | Found Jaegang's Food Shop.
 20523 | Orc:2    | Found a roughly hewn altar of Beogh.
 20556 | Orc:2    | Noticed an orc warlord
 20568 | Orc:2    | Killed an orc warlord
 20611 | Orc:2    | Found a staircase to the Elven Halls.
 20698 | Orc:2    | Found a roughly hewn altar of Beogh.
 20714 | Orc:2    | Paralysed by an orc sorcerer for 6 turns
 21083 | Orc:2    | Found a roughly hewn altar of Beogh.
 21088 | Orc:2    | Found Laediaf's Assorted Antiques.
 21129 | Orc:2    | Found a roughly hewn altar of Beogh.
 21195 | Orc:2    | Found Fahox's Antique Armour Shop.
 21195 | Orc:2    | Found a roughly hewn altar of Beogh.
 21213 | Orc:2    | Found Urhevye's Antique Weapon Boutique.
 21228 | Orc:2    | Bought a scorched buckler for 313 gold pieces
 21238 | Orc:2    | Identified the +0 buckler of Exclusion {+Inv rC+ Str-2 Dex+4 SInv} (You bought it in a shop on level 2 of the Orcish Mines)
 21256 | Orc:2    | Bought an ichor-stained fustibalus for 640 gold pieces
 21265 | Orc:2    | Identified the +7 fustibalus "Z" {velocity, rC+ Str+4} (You bought it in a shop on level 2 of the Orcish Mines)
 21508 | Orc:2    | Found a roughly hewn altar of Beogh.
 21620 | Orc:1    | Noticed a stone giant
 21638 | Orc:1    | Killed a stone giant
 22591 | Lair:6   | Reached skill level 17 in Long Blades
 23908 | D:13     | Identified a scroll of acquirement
 23909 | D:13     | Got a distressingly furry hat
 23921 | D:13     | Identified the +1 hat "Pekhlurr" {rN++ MP-9 SInv Stlth+} (You acquired it on level 13 of the Dungeon)
 23925 | D:13     | Got a distressingly furry plate armour
 23936 | D:13     | Identified the cursed +0 plate armour of Quomosso {Regen+ SInv} (You found it on level 13 of the Dungeon)
 24010 | D:13     | Reached skill level 1 in Slings
 24017 | D:13     | Reached XP level 15. HP: 136/136 MP: 13/22
 24687 | D:14     | Found a blossoming altar of Fedhas.
 24907 | D:14     | Got an iridescent short sword
 24910 | D:14     | Identified the +1 short sword of Optimality {pierce, +Blink rElec MR-} (You found it on level 14 of the Dungeon)
 25263 | D:14     | Found a gate to the Vaults.
 25459 | D:14     | Noticed a shadow dragon
 25477 | D:14     | Killed a shadow dragon
 25965 | D:14     | Got a dazzling plate armour
 25968 | D:14     | Identified the +5 plate armour "Koadot" {MR+ Dex+5} (You found it on level 14 of the Dungeon)
 26069 | D:15     | Entered Level 15 of the Dungeon
 26356 | D:15     | Found a staircase to the Depths.
 26357 | D:15     | Noticed a fire giant
 26602 | D:15     | Killed a fire giant
 27028 | D:15     | Reached skill level 5 in Slings
 27338 | D:15     | Found an opulent altar of Gozag.
 28195 | Shoals:1 | Entered Level 1 of the Shoals
 28223 | Shoals:1 | Reached skill level 10 in Shields
 28227 | Shoals:1 | Noticed Nikola
 28621 | Shoals:1 | Killed Nikola
 28621 | Shoals:1 | Reached XP level 16. HP: 130/146 MP: 6/23
 29027 | Shoals:1 | Found a hazy altar of Hepliaklqana.
 31533 | Shoals:4 | Entered Level 4 of the Shoals
 31535 | Shoals:4 | Noticed Ilsuiw
 31645 | Shoals:4 | HP: 2/146 [drowned by a water nymph (10)]
 31646 | Shoals:4 | Drowned by a water nymph

Skill      XL: |  1  2  3  4  5  6  7  8  9 10 11 12 13 14 15 16 |
---------------+-------------------------------------------------+-----
Long Blades    | 4 5 6 9 10 11 12 13 14 15 16 17 | 17.4
Armour         | 2 4 5 7 8 10 11 12 13 | 13.1
Fighting       | 3 4 6 7 9 11 12 13 14 | 14.0
Shields        | 1 3 5 10 14 | 14.2
Dodging        | 4 5 6 7 8 10 11 12 | 12.8
Invocations    | 2 4 6 7 9 10 11 | 11.1
Slings         | 1 6 8 |  8.8
Throwing       | |  2.4

Action                   |  1- 3 |  4- 6 |  7- 9 | 10-12 | 13-15 | 16-18 || total
-------------------------+-------+-------+-------+-------+-------+-------++-------
Melee: Long sword        |    74 |   143 |    86 |       |     5 |       ||   308
       Headbutt          |     8 |    24 |    68 |   183 |   544 |    99 ||   926
       Scimitar          |       |       |   160 |   477 |  1307 |   291 ||  2235
       Rapier            |       |       |       |    12 |       |       ||    12
       Great sword       |       |       |       |       |     4 |       ||     4
 Fire: Fustibalus        |       |       |       |       |     2 |    70 ||    72
Throw: Throwing net      |       |     1 |       |     2 |       |       ||     3
       Javelin           |       |       |     1 |     4 |     8 |       ||    13
Invok: Upheaval          |       |       |       |     7 |     6 |     2 ||    15
       Elemental Force   |       |       |       |     1 |     2 |     1 ||     4
       Disaster Area     |       |       |       |       |     4 |     4 ||     8
Evoke: Wand              |       |       |       |     4 |     1 |     7 ||    12
  Use: Scroll            |       |     6 |    13 |     7 |    20 |     6 ||    52
       Potion            |       |       |       |       |     8 |     6 ||    14
 Stab: Distracted        |       |     1 |       |       |     1 |       ||     2
       Held in net/web   |       |       |       |     1 |       |       ||     1
  Eat: Chunk             |     1 |     5 |     9 |    12 |    55 |    12 ||    94
       Meat ration       |       |       |     1 |     1 |     1 |       ||     3
       Royal jelly       |       |       |       |     1 |     1 |       ||     2
       Fruit             |       |       |       |       |     1 |       ||     1
Armor: Leather armour    |    15 |     1 |       |       |       |       ||    16
       Chain mail        |       |    71 |    34 |       |       |       ||   105
       Plate armour      |       |       |    85 |   181 |   314 |   110 ||   690
Dodge: Dodged            |    80 |    46 |    87 |   162 |   401 |   100 ||   876
       Deflected         |       |       |       |       |    16 |    25 ||    41
Block: Buckler           |       |    33 |    75 |   274 |   299 |       ||   681
       Other             |       |       |       |       |    15 |       ||    15
       Shield            |       |       |       |       |   614 |   321 ||   935
       Reflection        |       |       |       |       |    33 |    48 ||    81
       Rpst.: Long sword |    22 |    10 |    10 |       |       |       ||    42
       Scimitar          |       |       |    15 |    30 |    82 |    21 ||   148
